 Dungeon Sprint DCSS version 0.30-a0-305-g026cb31310 (webtiles) character file.

Game seed: 1430799738135127837

75366 Canard the End of an Era (level 15, -18/196 HPs)
             Began as an Ogre Monk on Oct 21, 2022.
             Was the Champion of Qazlal.
             Killed from afar by Roxanne (30 damage)
             ... with an iron shot
             ... in the Dungeon (Sprint V: "Ziggurat Sprint").
             The game lasted 00:20:26 (2581 turns).

Canard the End of an Era (Ogre Monk)                Turns: 2581, Time: 00:20:28

Health: -18/196    AC: 31    Str: 37    XL:     15   Next: 49%
Magic:  1/31       EV:  2    Int: 13    God:    Qazlal [******]
Gold:   10         SH: 43    Dex: 11    Spells: 14/14 levels left

rFire   + + .      SeeInvis +    a - +8 mithril axe "Arga" {speed, Will+}
rCold   + . .      Faith    .    v - +18 shield of the Gong {rElec rN+ Will+ EV-5}
rNeg    + . .      Spirit   .    C - +5 gold dragon scales {rare}
rPois   +          Reflect  +    E - +3 crown of Dyrovepreva {rElec Int+2 SInv}
rElec   +          Harm     .    S - scarf {shadows}
rCorr   .          Rampage  .    (gloves unavailable)
Will    +++..      NoTele   +    (boots unavailable)
Stlth   ..........               t - amulet of reflection
HPRegen 0.52/turn                w - +6 ring of strength
MPRegen 0.22/turn                x - +6 ring of strength

@: protected from fire, studying Long Blades, repel missiles
A: large, unfitting armour, tough skin 1
a: Renounce Religion, Upheaval, Elemental Force, Disaster Area


You were in the Dungeon.
You worshipped Qazlal.
Qazlal was exalted by your worship.
You visited 1 branch You collected 10 gold pieces.


Innate Abilities, Weirdness & Mutations

You are too large for most types of armour.
You have tough skin. (AC +1)


   Skills:
 - Level 24.0 Fighting
 - Level 20.0 Axes
 - Level 20.0 Armour
 - Level 8.0 Dodging
 - Level 1.4 Stealth
 - Level 15.0 Shields
 + Level 24.2 Invocations


You had 14 spell levels left.
You didn't know any spells.
Your spell library contained the following spells:

 Spells                   Type           Power      Damage    Failure   Level
 Foxfire                  Conj/Fire      0%         2x1d4     97%         1
 Magic Dart               Conj           0%         1d3       97%         1
 Sandblast                Erth           0%         2d4       97%         1
 Shock                    Conj/Air       0%         1d3       97%         1
 Slow                     Hex            0%         N/A       97%         1
 Summon Small Mammal      Summ           0%         N/A       97%         1
 Blink                    Tloc           0%         N/A       99%         2
 Call Imp                 Summ           0%         N/A       99%         2
 Cigotuvi's Dreadful Rot  Necr/Pois/Air  0%         N/A       99%         2
 Ensorcelled Hibernation  Hex/Ice        0%         N/A       99%         2
 Momentum Strike          Conj/Tloc      0%         3d8       99%         2
 Passwall                 Tmut/Erth      0%         N/A       99%         2
 Searing Ray              Conj           0%         2d4       99%         2
 Sublimation of Blood     Necr           0%         N/A       99%         2
 Call Canine Familiar     Summ           0%         N/A       100%        3
 Confusing Touch          Hex            0%         N/A       100%        3
 Dazzling Flash           Conj/Hex       0%         N/A       100%        3
 Gell's Gravitas          Tloc           0%         N/A       100%        3
 Ignite Poison            Fire/Tmut/Pois 0%         N/A       100%        3
 Inner Flame              Hex/Fire       0%         N/A       100%        3
 Kindle Blastsparks       Fire/Tloc/Air  0%         2d10      100%        3
 Lesser Beckoning         Tloc           0%         N/A       100%        3
 Ozocubu's Armour         Ice            0%         N/A       100%        3
 Stone Arrow              Conj/Erth      0%         3d7       100%        3
 Summon Guardian Golem    Hex/Summ       0%         N/A       100%        3
 Swiftness                Air            0%         N/A       100%        3
 Teleport Other           Tloc           0%         N/A       100%        3
 Vampiric Draining        Necr           0%         2d6       100%        3
 Airstrike                Air            0%         2d(0-16)  100%        4
 Animate Armour           Summ/Erth      0%         N/A       100%        4
 Animate Dead             Necr           0%         N/A       100%        4
 Flame Wave               Conj/Fire      0%         2d4       100%        4
 Fulminant Prism          Conj/Hex       0%         3d6       100%        4
 Leda's Liquefaction      Hex/Erth       0%         N/A       100%        4
 Manifold Assault         Tloc           0%         N/A       100%        4
 Petrify                  Tmut/Erth      0%         N/A       100%        4
 Sticky Flame             Conj/Fire      0%         2d3       100%        4
 Agony                    Necr           0%         N/A       100%        5
 Fireball                 Conj/Fire      0%         3d3       100%        5
 Freezing Cloud           Conj/Ice/Air   0%         6-21      100%        5
 Irradiate                Conj/Tmut      0%         3d11      100%        5
 Iskenderun's Battlesphe  Conj           0%         2d6       100%        5
 Metabolic Englaciation   Hex/Ice        0%         N/A       100%        5
 Silence                  Hex/Air        0%         N/A       100%        5
 Summon Mana Viper        Hex/Summ       0%         N/A       100%        5
 Yara's Violent Unravell  Hex/Tmut       0%         3d3       100%        5
 Conjure Ball Lightning   Conj/Air       0%         3x3d6     100%        6
 Iron Shot                Conj/Erth      0%         9d1       100%        6
 Simulacrum               Ice/Necr       0%         N/A       100%        6
 Starburst                Conj/Fire      0%         6d3       100%        6
 Statue Form              Tmut/Erth      0%         N/A       100%        6
 Summon Cactus Giant      Summ           0%         N/A       100%        6
 Enfeeble                 Hex            0%         N/A       100%        7
 Haunt                    Necr/Summ      0%         N/A       100%        7
 Malign Gateway           Summ/Tloc      0%         N/A       100%        7
 Orb of Destruction       Conj           0%         9d5       100%        7
 Ozocubu's Refrigeration  Ice            0%         4d7       100%        7
 Spellforged Servitor     Conj/Summ      0%         N/A       100%        7
 Storm Form               Tmut/Air       0%         N/A       100%        7
 Borgnjor's Revivificati  Necr           0%         N/A       100%        8
 Infestation              Necr           0%         N/A       100%        8
 Lehudib's Crystal Spear  Conj/Erth      0%         10d2      100%        8
 Necromutation            Tmut/Necr      0%         N/A       100%        8
 Summon Horrible Things   Summ           0%         N/A       100%        8
 Chain Lightning          Conj/Air       0%         N/A       100%        9
 Death's Door             Necr           0%         N/A       100%        9
 Fire Storm               Conj/Fire      0%         5d1       100%        9
 Polar Vortex             Ice            0%         N/A       100%        9
 Shatter                  Erth           0%         3d5*      100%        9

Inventory:

Hand Weapons
 a - the +8 mithril axe "Arga" (weapon) {speed, Will+}
   (You found it in the Dungeon)

   Attacks with this weapon are significantly faster.
   Will:      It increases your willpower.
 F - the +9 staff of Wucad Mu {*channel, staff}
   (You found it in the Dungeon)

   It occasionally powers its wielder's spells, but with a chance of causing
   confusion or draining the wielder's intelligence.
   It becomes more likely to activate and less likely to backfire with increased
   Evocations skill.
 H - the +14 obsidian axe {vorpal, Mesm Drain Fly SInv}
   (You found it in the Dungeon)

   It inflicts extra damage upon your enemies.
   It occasionally summons demons to assist the wielder when it strikes in
   combat.
   Its wielder is mesmerised by any visible foes.
   It cannot be unequipped while any foes are visible.
   SInv:      It lets you see invisible.
   Fly:       It grants you flight.
   Drain:     It drains your maximum health when unequipped.
 L - a +5 broad axe {axe}
   (You found it in the Dungeon)
Missiles
 D - 4 curare-tipped darts {=fthrowing}
 Z - a javelin {throwing}
Armour
 v - the +18 shield of the Gong (worn) {rElec rN+ Will+ EV-5}
   (You found it in the Dungeon)

   It is deafeningly noisy when blocking attacks.
   EV:        It affects your evasion (-5).
   rElec:     It insulates you from electricity.
   rN:        It protects you from negative energy.
   Will:      It increases your willpower.
 C - +5 gold dragon scales (worn) {rare}
   (You found it in the Dungeon)
 E - the +3 crown of Dyrovepreva (worn) {rElec Int+2 SInv}
   (You found it in the Dungeon)

   Int:       It affects your intelligence (+2).
   rElec:     It insulates you from electricity.
   SInv:      It lets you see invisible.
 G - +0 pearl dragon scales {rare=g}
   (You found it in the Dungeon)
 S - a scarf of shadows (worn)
   (You found it in the Dungeon)
Jewellery
 r - a ring of flight
   (You found it in the Dungeon)
 t - an amulet of reflection (around neck)
   (You found it in the Dungeon)
 w - a +6 ring of strength (left hand)
   (You found it in the Dungeon)
 x - a +6 ring of strength (right hand)
   (You found it in the Dungeon)
 B - a +4 ring of evasion
   (You found it in the Dungeon)
 I - the dreamshard necklace {*Dream Drain}
   (You took it off a naga mage in the Dungeon)

   [amulet of nothing]

   It shatters if its wearer takes lethal or near-lethal damage, preventing the
   blow and releasing protective dreams that heal and fight for the wearer.
   Drain:     It drains your maximum health when unequipped.
 N - a ring of positive energy
   (You found it in the Dungeon)
 Q - the ring "Iklotu" {Contam rPois rC+++ rCorr MP+9}
   (You found it in the Dungeon)

   [ring of magical power]

   rC:        It renders you almost immune to cold.
   rPois:     It protects you from poison.
   MP:        It affects your magic capacity (+9).
   Contam:    It causes magical contamination when unequipped.
   rCorr:     It protects you from acid and corrosion.
 T - a ring of willpower
   (You found it in the Dungeon)
 X - an amulet of magic regeneration {@e2}
   (You found it in the Dungeon)
Wands
 z - a wand of mindburst (22)
   (You found it in the Dungeon)
 A - a wand of light (7)
   (You found it in the Dungeon)
Scrolls
 i - 3 scrolls of blinking {!r}
 o - 8 scrolls of fog
 p - 5 scrolls of identify {@r1}
 q - 2 scrolls of fear
 s - 8 scrolls of enchant weapon
 P - 3 scrolls of brand weapon
Potions
 c - a potion of ambrosia
 d - 10 potions of curing {@q1}
 e - 11 potions of heal wounds {@q2}
 f - 6 potions of haste {@q3}
 g - 7 potions of magic
 h - 2 potions of berserk rage {!q}
 j - 2 potions of brilliance
 k - 2 potions of invisibility
 l - 4 potions of resistance
 m - a potion of experience
 n - 5 potions of might
Miscellaneous
 b - a box of beasts
   (You found it in the Dungeon)
 u - a condenser vane
   (You found it in the Dungeon)
 y - a lightning rod (4/4)
   (You found it in the Dungeon)
 M - a piece from Xom's chessboard (15/15)
   (You found it in the Dungeon)
 O - a tin of tremorstones (2/2) {throwing}
   (You found it in the Dungeon)
 R - a phial of floods
   (You found it in the Dungeon)
 W - a phantom mirror
   (You found it in the Dungeon)

Dungeon Overview and Level Annotations

Branches:
Dungeon (1/1) Zot: 27000

Altars:
Ashenzari
Cheibriados
Dithmenos
Elyvilon
Fedhas
Gozag
Hepliaklqana
Kikubaaqudgha
Makhleb
Nemelex Xobeh
Okawaru
Qazlal
Ru
Sif Muna
Trog
Uskayaw
Vehumet
Wu Jian
Xom
Yredelemnul
Zin
The Shining One
Jiyva
Lugonu

Annotations:
D 1 transporter, Dispater, Roxanne, Serpent of Hell, Tiamat

.......8▓▓...▓.......▓...▓.......
......._▓▓..▓.▓.....▓.▓..▓.......
_8_8_8_8▓▓...▓.......▓...▓......©
▓▓▓▓▓▓▓▓▓▓...............▓▓▓▓▓▓▓▓
▓.......©.......▓.....8©
▓▓▓▓▓▓▓▓▓▓▓▓▓▓▓▓▓..[)}[)
....°.8J8JJ.. ▓.....}}
..}.8)°JJJJ[[ ▓.......
.)..°°@°≈≈JJJ. ▓...†.).
.≈≈)☼°○°≈≈J≈.≈ ▓.......
≈≈≈.°.dJ≈JJ... ▓.....††
≈.≈..DD≈J..... ▓......†
.≈≈[≈≈&}°≈.... ▓..▓...†
≈.≈.≈≈.1.°≈... ▓.▓.▓...
..≈≈≈.[....... ▓..▓....
≈.≈..≈....... ▓.......
≈≈▓≈.≈....▓.. ▓.....)©


You could see Dispater, Tiamat (catching breath), the Serpent of Hell (catching
breath), Roxanne, a Hell Sentinel (summoned), an iron dragon (summoned), 3 acid
blobs, 6 azure jellies, 4 rockslimes and 2 quicksilver oozes.


Message History

You block Tiamat's attack.
GONNNNG!
Boris casts a spell at you. The iron shot misses you.
The Hell Sentinel hits you!!
* * * LOW HITPOINT WARNING * * *
Your resistance to fire fades away.
You feel protected from physical attacks.
The Hell Sentinel hits you.
* * * LOW HITPOINT WARNING * * *
You feel more protected from physical attacks.
An azure jelly comes into view. 😨 HP[-52]
You take 52 damage, and now have 87/196 hp.
MASSIVE DAMAGE!! (PAUSE)
You slice Boris!! You hit the Serpent of Hell.
You hit the Hell Sentinel but do no damage.
You block the Serpent of Hell's attack.
GONNNNG!
You block the Serpent of Hell's attack.
SHROANNG!
The Serpent of Hell bites you!!
* * * LOW HITPOINT WARNING * * *
You are engulfed in flames!
You resist.
* * * LOW HITPOINT WARNING * * *
You block the Serpent of Hell's attack.
GONNNNG!
The Serpent of Hell tramples you but does no damage. 😨 HP[-36]
You take 36 damage, and now have 51/196 hp.
Unknown command.
You slice Boris!!
You destroy Boris!
Qazlal accepts your kill.
Boris says, "This isn't over yet!"
You hit the Hell Sentinel but do no damage.
You hit the Serpent of Hell but do no damage.
You block Tiamat's attack.
PTOANNNG!
You block the Hell Sentinel's attack.
BOUMMMMG!
The Hell Sentinel hits you.
* * * LOW HITPOINT WARNING * * *
Training target 20.0 for Armour reached!
Your Armour skill increases to level 20!
Your Invocations skill increases to level 24! 😨 HP[-1]
You take 1 damage, and now have 50/196 hp.
Unknown command.
Unknown command.
Unknown command.
Unknown command.
Really read
i - 4 scrolls of blinking {!r}?
Uppercase [Y]es or [N]o only, please.
Really read
i - 4 scrolls of blinking {!r}?
Blink to where?
Press: ? - help, Dir - move target 5 jellies and Roxanne come into view.
As you read the scroll of blinking {!r}, it crumbles to dust.
The azure jelly quivers. x2; The acid blob quivers.
The rockslime quivers.
The Serpent of Hell breathes flames at you.
The blast of flame hits you!! You resist.
Your resistance to physical damage fades away.
You feel protected from fire.
* * * LOW HITPOINT WARNING * * *
The Serpent of Hell breathes flames at you.
The blast of flame engulfs you but does no damage.
You feel more protected from fire.
The Serpent of Hell breathes fire at you.
The fireball explodes!
The fireball engulfs you! You resist.
* * * LOW HITPOINT WARNING * * *
You hear a sizzling sound!
The acid blob spits acid at you.
The splash of acid hits you but does no damage.
The acid blob is struck by lightning.
The Serpent of Hell roars!
A dragon appears.
Marking area around Roxanne as unsafe for travelling. 😱 HP[-40]
You take 40 damage, and now have 10/196 hp.
MASSIVE DAMAGE!! (PAUSE)
You feel much better.
Roxanne is engulfed in blazing flames.
Roxanne mumbles some strange words.
The bolt of magma hits you! You partially resist.
* * * LOW HITPOINT WARNING * * *
You hear a sizzling sound!
The acid blob is engulfed in blazing flames.
You block the acid blob's attack.
GONNNNG! 😱 HP[+22] MP[+1]
You regained 22 hp, and now have 32/196 hp.
You feel much better.
Tiamat breathes dispelling energy at you.
The bolt of dispelling energy hits you!!!
* * * LOW HITPOINT WARNING * * *
The acid blob is engulfed in blazing flames.
The acid blob spits acid at you.
The splash of acid hits you but does no damage.
Roxanne casts a spell.
The iron shot hits you!!
You die...

Skill      XL: |  1  2  3  4  5  6  7  8  9 10 11 12 13 14 15 |
---------------+----------------------------------------------+-----
Fighting       | 6 10 12 14 16 19 21 24 | 24.0
Axes           | 5 9 11 14 16 17 18 19 20 | 20.0
Invocations    | 4 10 12 13 14 16 17 21 24 | 24.2
Armour         | 1 4 6 9 11 15 18 20 | 20.0
Dodging        | 3 5 8 |  8.0
Shields        | 1 5 8 11 13 15 | 15.0
Stealth        | |  1.4

Action                   |  1- 3 |  4- 6 |  7- 9 | 10-12 | 13-15 || total
-------------------------+-------+-------+-------+-------+-------++-------
Melee: Broad axe         |     3 |     4 |    21 |    34 |    34 ||    96
Invok: Upheaval          |       |       |     8 |    12 |     2 ||    22
       Disaster Area     |       |       |       |     7 |    12 ||    19
       Elemental Force   |       |       |       |       |     1 ||     1
  Use: Potion            |     1 |       |       |       |     4 ||     5
       Scroll            |       |       |       |       |     1 ||     1
Armor: Gold dragon scale |     1 |     1 |     6 |     6 |    25 ||    39
Dodge: Dodged            |       |       |       |       |     4 ||     4
Block: Tower shield      |     3 |     2 |     9 |       |       ||    14
       Kite shield       |       |       |     5 |    41 |    89 ||   135
       Reflection        |       |       |       |       |     5 ||     5

Levels and vault maps discovered:
D:        sprint_v [room_start, room_1, room_2, room_3, room_4, room_5, room_6,
          room_7, room_8, room_9, room_10, room_11, room_12, room_13, room_14,
          room_15, room_16, room_17, room_18, room_19, room_20, room_21,
          room_22, room_23, room_24, room_25, room_26, room_27]

Notes
Turn   | Place    | Note
-------+----------+-------------------------------------------
     0 | D        | Canard the Ogre Monk began the quest for the Orb.
     0 | D        | Reached XP level 1. HP: 24/24 MP: 1/1
     0 | D        | magus.rc [v1.9.6]
     0 | D        | Found a shimmering blue altar of Sif Muna.
     0 | D        | Found a sacrificial altar of Ru.
     0 | D        | Found a bloodstained altar of Trog.
     0 | D        | Found a stormy altar of Qazlal.
     0 | D        | Found an iron altar of Okawaru.
     0 | D        | Found a sparkling altar of Nemelex Xobeh.
     0 | D        | Found a blossoming altar of Fedhas.
     0 | D        | Found the +6 Majin-Bo {vamp, MP+6 Int+6}
     0 | D        | Found the +9 heavy crossbow "Sniper" {vorpal, Acc+∞ SInv}
     0 | D        | Found the +10 dark maul {vorpal}
     0 | D        | Found the +15 Maxwell's patent armour {-Cast -Tele rElec
                  | Will+ rCorr}
     0 | D        | Found the +18 shield of the Gong {rElec rN+ Will+ EV-5}
     0 | D        | Found the +14 obsidian axe {vorpal, Mesm Drain Fly SInv}
     0 | D        | Found the +7 great mace "Firestarter" {inner flame, rF++}
     0 | D        | Found the +6 shillelagh "Devastator" {shatter}
     0 | D        | Found the +11 plutonium sword {Contam Stlth-}
     0 | D        | Found the +8 lance "Wyrmbane" {slay drac, rPois rF+ rC+
                  | AC+3}
     0 | D        | Found the +9 sword of Zonguldrok {reap}
     0 | D        | Found the +13 scythe of Curses {drain, Drain}
     0 | D        | Found the +5 sword of Power {vorpal}
     0 | D        | Found the +7 mace of Variability {chain chaos}
     0 | D        | Found the +7 Singing Sword {vorpal, sonic wave}
     0 | D        | Found the +8 storm bow {elec, penet}
     2 | D        | Found a transporter.
     2 | D        | Found an ancient bone altar of Kikubaaqudgha.
     2 | D        | Found a viscous altar of Jiyva.
     2 | D        | Found a corrupted altar of Lugonu.
     2 | D        | Found a hazy altar of Hepliaklqana.
     2 | D        | Found a burning altar of Makhleb.
     2 | D        | Found an opulent altar of Gozag.
    21 | D        | B - a +5 crystal plate armour {rare=g}
    21 | D        | C - +5 gold dragon scales {rare}
    21 | D        | D - +5 shadow dragon scales {rare}
    21 | D        | E - +5 storm dragon scales {rare}
    35 | D        | You finish putting on your +5 gold dragon scales {rare}.
    35 | D        | Identified +5 gold dragon scales {rare} (You found it in
                  | the Dungeon)
    75 | D        | You drop a +5 crystal plate armour {rare=g}.
    77 | D        | B - a +5 crystal plate armour {rare=g}
   112 | D        | Became a worshipper of Qazlal Stormbringer
   112 | D        | Reached * piety under Qazlal
   112 | D        | Reached ** piety under Qazlal
   120 | D        | Entered arena 2.
   120 | D        | Noticed a purple ugly thing
   120 | D        | Noticed a bullfrog
   120 | D        | Found a transporter.
   124 | D        | Killed a bullfrog
   125 | D        | Reached skill level 6 in Fighting
   125 | D        | Reached skill level 5 in Axes
   125 | D        | Reached skill level 4 in Invocations
   125 | D        | Reached XP level 2. HP: 37/37 MP: 1/5
   125 | D        | Reached XP level 3. HP: 45/45 MP: 1/6
   125 | D        | Reached XP level 4. HP: 53/53 MP: 1/7
   128 | D        | Killed a purple ugly thing
   129 | D        | Reached skill level 10 in Fighting
   129 | D        | Reached skill level 9 in Axes
   129 | D        | Reached skill level 10 in Invocations
   129 | D        | Reached XP level 5. HP: 68/68 MP: 1/12
   129 | D        | Reached XP level 6. HP: 78/78 MP: 1/13
   129 | D        | Reached XP level 7. HP: 85/85 MP: 1/14
   132 | D        | You pick up a book of Displacement and begin reading...
   132 | D        | You add the spells Lesser Beckoning, Gell's Gravitas and
                  | Teleport Other to your library.
   158 | D        | Entered arena 3.
   158 | D        | Found a transporter.
   161 | D        | Reached *** piety under Qazlal
   164 | D        | Reached skill level 10 in Axes
   240 | D        | You add the spells Ensorcelled Hibernation, Kindle
                  | Blastsparks, Summon Mana Viper and Metabolic Englaciation
                  | to your library.
   240 | D        | Got the Secrets of Alluring Incandescence
   246 | D        | Entered arena 4.
   246 | D        | Noticed a draconian
   246 | D        | Noticed a draconian
   246 | D        | Noticed a draconian
   246 | D        | Noticed a draconian
   246 | D        | Found a transporter.
   249 | D        | Killed a draconian
   250 | D        | Reached skill level 11 in Axes
   250 | D        | Reached skill level 12 in Invocations
   250 | D        | Reached XP level 8. HP: 93/93 MP: 9/17
   250 | D        | Killed a draconian
   251 | D        | Reached skill level 13 in Axes
   254 | D        | Killed a draconian
   255 | D        | Reached skill level 14 in Axes
   255 | D        | Reached skill level 1 in Armour
   255 | D        | Reached skill level 3 in Dodging
   255 | D        | Reached skill level 1 in Shields
   255 | D        | Reached XP level 9. HP: 95/101 MP: 10/18
   255 | D        | Killed a draconian
   256 | D        | Reached skill level 2 in Armour
   256 | D        | Reached skill level 4 in Dodging
   256 | D        | Reached skill level 2 in Shields
   308 | D        | Got the +10 flail of the Pure Bounties {flame, rPois rF-
                  | Will++ Dex+3, mace}
   322 | D        | You drop a +5 crystal plate armour {rare=g}.
   326 | D        | Entered arena 5.
   326 | D        | Found a transporter.
   328 | D        | Reached **** piety under Qazlal
   330 | D        | Reached skill level 3 in Shields
   337 | D        | You add the spells Ozocubu's Armour and Ozocubu's
                  | Refrigeration to your library.
   339 | D        | You add the spells Malign Gateway and Summon Horrible
                  | Things to your library.
   342 | D        | You pick up a book of Ice and begin reading...
   342 | D        | You add the spells Freezing Cloud, Simulacrum and Polar
                  | Vortex to your library.
   344 | D        | Entered arena 6.
   344 | D        | Noticed a polar bear
   344 | D        | Found a transporter.
   345 | D        | Reached ***** piety under Qazlal
   346 | D        | Reached skill level 11 in Fighting
   347 | D        | Killed a polar bear
   348 | D        | Reached skill level 3 in Armour
   368 | D        | Got the ring of Gelan {*Corrode rF+ rN+ Int+2}
   370 | D        | Got the ring "Fiticlode" {+Blink Fly Int+2 Slay-2 Stlth+}
   372 | D        | You add the spells Blink, Manifold Assault and Storm Form
                  | to your library.
   372 | D        | You add the spells Call Imp, Summon Cactus Giant and
                  | Spellforged Servitor to your library.
   372 | D        | Got the Textbook on Conflagrant Mustering
   376 | D        | Entered arena 7.
   376 | D        | Noticed a guardian mummy
   379 | D        | Reached skill level 5 in Dodging
   379 | D        | Reached skill level 4 in Shields
   380 | D        | Found a transporter.
   383 | D        | Killed a guardian mummy
   384 | D        | Reached skill level 13 in Invocations
   389 | D        | Reached skill level 4 in Armour
   438 | D        | You add the spells Borgnjor's Revivification, Necromutation
                  | and Death's Door to your library.
   442 | D        | You pick up a book of Spatial Translocations and begin
                  | reading...
   444 | D        | You pick up a book of Death and begin reading...
   444 | D        | You add the spells Animate Dead, Haunt and Infestation to
                  | your library.
   449 | D        | Entered arena 8.
   449 | D        | Noticed a cane toad
   449 | D        | Noticed a komodo dragon
   451 | D        | Reached skill level 12 in Fighting
   451 | D        | Reached skill level 5 in Shields
   451 | D        | Reached XP level 10. HP: 115/115 MP: 15/19
   451 | D        | Found a transporter.
   455 | D        | Killed a cane toad
   455 | D        | Reached ****** piety under Qazlal
   456 | D        | Reached skill level 15 in Axes
   456 | D        | Reached skill level 6 in Dodging
   490 | D        | Got the ring "Iklotu" {Contam rPois rC+++ rCorr MP+9}
   499 | D        | Entered arena 9.
   499 | D        | Noticed a death scarab
   499 | D        | Noticed a royal mummy
   499 | D        | Noticed a mummy priest
   500 | D        | Noticed a death scarab
   500 | D        | Noticed a death scarab
   500 | D        | Noticed a death scarab
   501 | D        | Killed a death scarab
   501 | D        | Killed a mummy priest
   502 | D        | Reached skill level 13 in Fighting
   502 | D        | Reached skill level 5 in Armour
   502 | D        | Reached skill level 6 in Shields
   502 | D        | Noticed a death scarab
   502 | D        | Noticed a death scarab
   502 | D        | Noticed a death scarab
   504 | D        | Reached skill level 7 in Dodging
   504 | D        | Reached skill level 14 in Invocations
   517 | D        | Noticed a death scarab
   518 | D        | Noticed a death scarab
   518 | D        | Noticed a death scarab
   518 | D        | Noticed a death scarab
   518 | D        | Killed a royal mummy
   519 | D        | Reached skill level 14 in Fighting
   519 | D        | Reached skill level 16 in Axes
   519 | D        | Reached skill level 6 in Armour
   519 | D        | Reached skill level 8 in Dodging
   519 | D        | Reached skill level 8 in Shields
   519 | D        | Reached XP level 11. HP: 41/131 MP: 4/22
   738 | D        | Found a transporter.
   755 | D        | Entered arena 10.
   757 | D        | Found a transporter.
   776 | D        | You pick up a book of Misfortune and begin reading...
   776 | D        | You add the spells Yara's Violent Unravelling and Enfeeble
                  | to your library.
   778 | D        | Got the Papyrus of the Union
   789 | D        | Entered arena 11.
   791 | D        | Reached skill level 15 in Invocations
   791 | D        | Found a transporter.
   794 | D        | Reached skill level 7 in Armour
   896 | D        | You add the spells Slow, Inner Flame and Leda's
                  | Liquefaction to your library.
   896 | D        | Got Qoname's Vellum of the Oath
   903 | D        | You pick up a book of Geomancy and begin reading...
   903 | D        | You add the spells Sandblast, Passwall and Stone Arrow to
                  | your library.
   906 | D        | Entered arena 12.
   906 | D        | Noticed Sonja
   906 | D        | Noticed Maurice
   908 | D        | Killed Sonja
   908 | D        | Killed Maurice
   909 | D        | Reached skill level 15 in Fighting
   909 | D        | Reached skill level 9 in Shields
   909 | D        | Noticed Josephine
   910 | D        | Noticed Eustachio
   910 | D        | Noticed Nergalle
   911 | D        | Killed Eustachio
   912 | D        | Killed Josephine
   913 | D        | Found a transporter.
   916 | D        | Killed Nergalle
   978 | D        | You pick up a book of Flames and begin reading...
   978 | D        | You add the spells Sticky Flame and Flame Wave to your
                  | library.
   980 | D        | Got the amulet "Moosh" {Reflect Int+4 SH+5}
   984 | D        | Got the +1 spear of Understanding {flame, Dex+6, polearm}
   986 | D        | You pick up a book of Air and begin reading...
   986 | D        | You add the spells Shock, Swiftness and Airstrike to your
                  | library.
   991 | D        | You drop +5 shadow dragon scales {rare}.
  1000 | D        | Got the +4 war axe of Mub Olom {flame, rElec rPois, axe}
  1003 | D        | You pick up a book of Conjurations {@e2} and begin
                  | reading...
  1003 | D        | You add the spells Magic Dart, Searing Ray and Fulminant
                  | Prism to your library.
  1005 | D        | Got the ring of the Komodo Dragon {Wiz Dex+2}
  1015 | D        | Entered arena 13.
  1015 | D        | Noticed a radroach
  1015 | D        | Noticed an entropy weaver
  1015 | D        | Noticed a moth of wrath
  1015 | D        | Noticed a moth of wrath
  1016 | D        | Noticed a radroach
  1016 | D        | Noticed a steelbarb worm
  1018 | D        | Reached skill level 8 in Armour
  1018 | D        | Reached skill level 10 in Shields
  1018 | D        | Killed an entropy weaver
  1018 | D        | Killed a moth of wrath
  1018 | D        | Killed a moth of wrath
  1018 | D        | Killed a radroach
  1018 | D        | Killed a steelbarb worm
  1018 | D        | Killed a radroach
  1019 | D        | Reached skill level 16 in Fighting
  1019 | D        | Reached skill level 17 in Axes
  1019 | D        | Reached skill level 9 in Armour
  1019 | D        | Reached skill level 11 in Shields
  1019 | D        | Reached skill level 16 in Invocations
  1019 | D        | Reached XP level 12. HP: 146/146 MP: 6/24
  1020 | D        | Reached skill level 17 in Fighting
  1021 | D        | Found a transporter.
  1119 | D        | You pick up a book of Armaments and begin reading...
  1119 | D        | You add the spells Animate Armour and Lehudib's Crystal
                  | Spear to your library.
  1122 | D        | Got the +1 robe of the Crypt {Will+}
  1134 | D        | Entered arena 14.
  1135 | D        | Noticed a wendigo
  1135 | D        | Noticed a nargun
  1136 | D        | Noticed a shard shrike
  1142 | D        | Killed a nargun
  1142 | D        | Killed a wendigo
  1147 | D        | Killed a shard shrike
  1148 | D        | Reached skill level 18 in Fighting
  1148 | D        | Reached skill level 18 in Axes
  1148 | D        | Reached skill level 10 in Armour
  1148 | D        | Reached skill level 12 in Shields
  1148 | D        | Found a transporter.
  1281 | D        | Got the +2 dagger of Xeudoamn {chaos, Dex+2, short}
  1285 | D        | You pick up a book of Alchemy and begin reading...
  1285 | D        | You add the spells Sublimation of Blood, Petrify and
                  | Irradiate to your library.
  1287 | D        | You pick up a book of the Spheres and begin reading...
  1287 | D        | You add the spells Iskenderun's Battlesphere, Fireball,
                  | Conjure Ball Lightning and Orb of Destruction to your
                  | library.
  1296 | D        | Entered arena 15.
  1296 | D        | Noticed a hell hog
  1297 | D        | Noticed a salamander tyrant
  1297 | D        | Noticed a salamander tyrant
  1298 | D        | Noticed a hell hog
  1299 | D        | Killed a hell hog
  1299 | D        | Noticed a balrug
  1300 | D        | Killed a salamander tyrant
  1300 | D        | Noticed a hell hog
  1301 | D        | Noticed a stoker
  1301 | D        | Killed a salamander tyrant
  1301 | D        | Killed a hell hog
  1301 | D        | Killed a balrug
  1301 | D        | Noticed a searing wretch
  1302 | D        | Reached skill level 19 in Fighting
  1302 | D        | Reached skill level 11 in Armour
  1302 | D        | Reached skill level 13 in Shields
  1302 | D        | Reached XP level 13. HP: 83/163 MP: 5/25
  1302 | D        | Noticed a fire giant
  1302 | D        | HP: 28/163 [fire giant/bolt of fire (19)]
  1303 | D        | Found the +9 staff of Wucad Mu {*channel}
  1306 | D        | Killed a fire giant
  1311 | D        | Reached skill level 20 in Fighting
  1312 | D        | Killed a searing wretch
  1313 | D        | Reached skill level 12 in Armour
  1313 | D        | Reached skill level 14 in Shields
  1627 | D        | Found a transporter.
  1648 | D        | You pick up a book of the Senses and begin reading...
  1648 | D        | You add the spells Dazzling Flash, Agony and Silence to
                  | your library.
  1653 | D        | You pick up a book of Power and begin reading...
  1655 | D        | You pick up a book of Annihilations and begin reading...
  1655 | D        | You add the spells Chain Lightning, Fire Storm and Shatter
                  | to your library.
  1664 | D        | You pick up a book of Alchemy and begin reading...
  1668 | D        | Entered arena 16.
  1669 | D        | Noticed a merfolk javelineer
  1669 | D        | Noticed a merfolk impaler
  1670 | D        | Identified the +10 flail of Dawn {vamp, rElec rPois MP+9
                  | Dex-4}
  1670 | D        | Noticed a merfolk impaler
  1671 | D        | Killed a merfolk impaler
  1672 | D        | Reached skill level 13 in Armour
  1673 | D        | Reached skill level 15 in Shields
  1676 | D        | Killed a merfolk impaler
  1679 | D        | Killed a merfolk javelineer
  1680 | D        | Found a transporter.
  1842 | D        | You pick up a book of Debilitation and begin reading...
  1842 | D        | You add the spells Vampiric Draining and Confusing Touch to
                  | your library.
  1845 | D        | Got Azxykhleg's Discursus on Vapour and the Legion
  1852 | D        | You pick up a book of Burglary and begin reading...
  1868 | D        | Entered arena 17.
  1871 | D        | Noticed a daeva
  1871 | D        | Noticed a starcursed mass
  1874 | D        | Reached skill level 21 in Fighting
  1874 | D        | Reached skill level 14 in Armour
  1874 | D        | Reached skill level 17 in Invocations
  1877 | D        | Killed a daeva
  1878 | D        | Reached skill level 19 in Axes
  2125 | D        | Found a transporter.
  2133 | D        | Got the Omnibus of Stormy Bewitchment
  2140 | D        | Got the +5 dagger "Xoexalo" {distort, rElec rN+, short}
  2160 | D        | Entered arena 18.
  2169 | D        | Reached skill level 15 in Armour
  2169 | D        | Reached XP level 14. HP: 156/180 MP: 17/26
  2170 | D        | Reached skill level 22 in Fighting
  2170 | D        | Found the dreamshard necklace {*Dream Drain}
  2230 | D        | Found a transporter.
  2238 | D        | You drop +5 storm dragon scales {rare}.
  2243 | D        | Got the +6 great sword "Iddarirph" {pain, Str+2, long}
  2248 | D        | Got the +5 hand axe "Jouhuv" {protect, Dex+4, axe}
  2252 | D        | You pick up a book of Sloth and begin reading...
  2263 | D        | Got the Treatise on Hurtful Transmigration {@e2}
  2300 | D        | Entered arena 19.
  2306 | D        | Reached skill level 18 in Invocations
  2311 | D        | Reached skill level 20 in Axes
  2311 | D        | Reached skill level 16 in Armour
  2311 | D        | Found a transporter.
  2313 | D        | Reached skill level 23 in Fighting
  2314 | D        | Reached skill level 19 in Invocations
  2365 | D        | Got Axzil's Collected Works on the Blaze
  2405 | D        | Entered arena 20.
  2409 | D        | Noticed a rockslime
  2409 | D        | Noticed a rockslime
  2409 | D        | Noticed a rockslime
  2410 | D        | Noticed an acid blob
  2411 | D        | Noticed a rockslime
  2411 | D        | Found the +8 mithril axe "Arga" {speed, Will+}
  2412 | D        | Killed an acid blob
  2412 | D        | Found the +3 crown of Dyrovepreva {rElec Int+2 SInv}
  2413 | D        | Killed a rockslime
  2414 | D        | Reached skill level 24 in Fighting
  2414 | D        | Reached skill level 20 in Invocations
  2414 | D        | Killed a rockslime
  2415 | D        | Reached skill level 17 in Armour
  2419 | D        | Killed a rockslime
  2420 | D        | Killed a rockslime
  2422 | D        | Found a transporter.
  2509 | D        | You pick up a book of Callings and begin reading...
  2509 | D        | You add the spells Summon Small Mammal, Call Canine
                  | Familiar and Summon Guardian Golem to your library.
  2516 | D        | You pick up a book of Alchemy and begin reading...
  2525 | D        | G - +0 pearl dragon scales {rare=g}
  2530 | D        | You pick up a book of Fire and begin reading...
  2530 | D        | You add the spells Foxfire and Starburst to your library.
  2548 | D        | You drop +0 pearl dragon scales {rare=g}.
  2550 | D        | G - +0 pearl dragon scales {rare=g}
  2564 | D        | Entered arena 21.
  2567 | D        | Noticed Erolcha
  2568 | D        | Noticed Boris
  2568 | D        | Noticed Prince Ribbit
  2568 | D        | Noticed Psyche
  2568 | D        | Noticed Joseph
  2568 | D        | Found the +4 staff of Dispater
  2568 | D        | Dispater, Lord of the Iron City comes into view. They are
                  | wielding the +4 staff of Dispater.
  2568 | D        | Noticed Dispater
  2569 | D        | Noticed Terence
  2569 | D        | Noticed Dissolution
  2569 | D        | Noticed Crazy Yiuf
  2569 | D        | Noticed Harold
  2569 | D        | Identified the +4 battleaxe "Qampex" {spect, rCorr Str+3
                  | Dex-2}
  2569 | D        | Noticed Nessos
  2569 | D        | Noticed the Royal Jelly
  2569 | D        | Noticed Dowan
  2569 | D        | Found the +4 dragonskin cloak
  2569 | D        | Tiamat, Avatar of the Dragonlord comes into view. She is
                  | wielding a +1 demon trident of electrocution and wearing
                  | the +4 dragonskin cloak.
  2569 | D        | Noticed Tiamat
  2569 | D        | Identified the +7 broad axe of Qummedgh {vorpal, rF+ rC-
                  | Str+4 Stlth+}
  2569 | D        | Noticed Kirke
  2569 | D        | Noticed Azrael
  2570 | D        | Killed Terence
  2570 | D        | Killed Crazy Yiuf
  2570 | D        | Killed Dowan
  2570 | D        | Killed Psyche
  2570 | D        | Killed Harold
  2570 | D        | Killed Nessos
  2570 | D        | Killed Prince Ribbit
  2570 | D        | Killed Joseph
  2570 | D        | Killed Kirke
  2570 | D        | Killed Azrael
  2570 | D        | Noticed a quicksilver ooze
  2570 | D        | Noticed an acid blob
  2570 | D        | Noticed an acid blob
  2570 | D        | Noticed an azure jelly
  2570 | D        | Noticed a rockslime
  2570 | D        | Noticed the Serpent of Hell
  2570 | D        | Killed Erolcha
  2571 | D        | Reached skill level 18 in Armour
  2571 | D        | Reached skill level 21 in Invocations
  2571 | D        | Reached XP level 15. HP: 157/196 MP: 20/29
  2571 | D        | Noticed Aizul
  2571 | D        | Noticed Pargi
  2572 | D        | Killed an acid blob
  2572 | D        | Killed Pargi
  2572 | D        | Noticed an acid blob
  2572 | D        | Noticed an acid blob
  2573 | D        | Killed an acid blob
  2573 | D        | Killed an azure jelly
  2573 | D        | Killed Aizul
  2573 | D        | Killed an acid blob
  2573 | D        | Killed an acid blob
  2573 | D        | Killed Dissolution
  2573 | D        | Killed a rockslime
  2573 | D        | Killed the Royal Jelly
  2573 | D        | Noticed an azure jelly
  2573 | D        | Noticed an azure jelly
  2573 | D        | Noticed an azure jelly
  2573 | D        | Noticed a rockslime
  2573 | D        | Noticed a rockslime
  2573 | D        | Noticed an acid blob
  2574 | D        | Reached skill level 19 in Armour
  2574 | D        | Reached skill level 23 in Invocations
  2575 | D        | Noticed an acid blob
  2575 | D        | Noticed a Hell Sentinel
  2576 | D        | Noticed a rockslime
  2577 | D        | Noticed an azure jelly
  2578 | D        | Killed Boris
  2579 | D        | Reached skill level 20 in Armour
  2579 | D        | Reached skill level 24 in Invocations
  2579 | D        | Found a transporter.
  2579 | D        | Noticed an azure jelly
  2579 | D        | Noticed an azure jelly
  2579 | D        | Noticed an acid blob
  2579 | D        | Noticed a rockslime
  2579 | D        | Identified Roxanne's Teachings on Bedrock
  2579 | D        | Noticed Roxanne
  2579 | D        | HP: 18/196 [the Serpent of Hell/blast of flame (32)]
  2580 | D        | Noticed an iron dragon
  2581 | D        | Killed from afar by Roxanne

Vanquished Creatures
  the Royal Jelly (D)
  Dissolution (D)
  A royal mummy (D)
  Boris (D)
  A shard shrike (D)
  A searing wretch (D)
  5 acid blobs (D)
  Kirke (D)
  A nargun (D)
  A daeva (D)
  5 rockslimes (D)
  An azure jelly (D)
  Aizul (D)
  A fire giant (D)
  A balrug (D)
  2 quicksilver oozes (D)
  Nessos (D)
  A wendigo (D)
  Azrael (D)
  2 merfolk impalers (D)
  A merfolk javelineer (D)
  A mummy priest (D)
  Josephine (D)
  A fire dragon (D)
  A great orb of eyes (D)
  An entropy weaver (D)
  Harold (D)
  Erolcha (D)
  2 salamander tyrants (D)
  2 ice dragons (D)
  4 hydras (D)
  A stoker (D)
  2 radroaches (D)
  A merfolk avatar (D)
  2 anacondas (D)
  A death scarab (D)
  3 merfolk aquamancers (D)
  3 hell hogs (D)
  Nergalle (D)
  Sonja (D)
  A sea snake (D)
  A steelbarb worm (D)
  2 death drakes (D)
  A glowing orange brain (D)
  2 swamp dragons (D)
  2 starcursed masses (D)
  2 manticores (D)
  An ugly thing (D)
  2 shining eyes (D)
  2 draconians (D)
  2 moths of wrath (D)
  A worldbinder (D)
  Joseph (D)
  2 naga magi (D)
  A guardian serpent (D)
  5 black mambas (D)
  Maurice (D)
  An eye of devastation (D)
  A cane toad (D)
  A torpor snail (D)
  2 hellions (D)
  2 rime drakes (D)
  A komodo dragon (D)
  2 freezing wraiths (D)
  2 guardian mummies (D)
  Psyche (D)
  3 tormentors (D)
  2 merfolk (D)
  A wind drake (D)
  2 hornets (D)
  Prince Ribbit (D)
  7 slime creatures (D)
  A flying skull (D)
  A water elemental (D)
  A jumping spider (D)
  A ynoxinul (D)
  2 ushabtiu (D)
  2 golden eyes (D)
  A wyvern (D)
  A redback (D)
  A chaos spawn (D)
  Eustachio (D)
  A neqoxec (D)
  2 large abominations (D)
  A naga (D)
  A small abomination (D)
  3 acid dragons (D)
  4 floating eyes (D)
  Pargi (D)
  2 swamp drakes (D)
  A wolf (D)
  A phantom (D)
  A bullfrog (D)
  A bullfrog (shapeshifter) (D)
  2 necrophages (D)
  Dowan (D)
  8 jellies (D)
  A quasit (D)
  Crazy Yiuf (D)
  An iron imp (D)
  An iguana (D)
  Terence (D)
  3 mummies (D)
  2 adders (D)
  3 ufetubi (D)
  2 adder zombies (D)
  2 adder simulacra (D)
  7 endoplasms (D)
  A jackal (D)
  4 ball pythons (D)
  A ball python simulacrum (D)
  A bat simulacrum (D)
  3 quokka simulacra (D)
  A quokka skeleton (D)
  A lurking horror (D)
197 creatures vanquished.

Vanquished Creatures (collateral kills)
  A hydra (D)
  2 draconians (D)
  A guardian mummy (D)
  A polar bear (D)
  An ice beast (D)
  A phantom (D)
  A necrophage (D)
  A quokka simulacrum (D)
9 creatures vanquished.

Vanquished Creatures (others)
  An adder (D)
  A bat simulacrum (D)
2 creatures vanquished.

Grand Total: 208 creatures vanquished

Table legend:
 A = Non-vault XP
 B = Vault XP
 C = Vault XP percentage of total XP
 D = Non-vault monster count
 E = Vault monster count
 F = Vault count percentage of total count
                 A         B        C        D         E       F
            +---------+---------+-------+---------+---------+-------
      Total |     672 |  106995 |  99.4 |       1 |     196 |  99.5
            +---------+---------+-------+---------+---------+-------
          D |     672 |  106995 |  99.4 |       1 |     196 |  99.5
            +---------+---------+-------+---------+---------+-------

Illustrated notes

Table legend:
 A = Kills in this place as a percentage of kills in entire the game.
 B = Kills by you in this place as a percentage of kills by you in the entire game.
 C = Kills by friends in this place as a percentage of kills by friends in the entire game.
 D = Other kills in this place as a percentage of other kills in the entire game.
 E = Experience gained in this place as a percentage of experience gained in the entire game.
 F = Experience gained in this place divided by the number of levels of this place that you have seen.
                   A       B       C       D       E      F
               +-------+-------+-------+-------+-------+----------------------
         Total | 100.0 | 100.0 | 100.0 |   N/A | 100.0 | 107667.0
       Dungeon | 100.0 | 100.0 | 100.0 |   N/A | 100.0 | 107667.0
               +-------+-------+-------+-------+-------+----------------------

Table legend: (Time is in decaauts)
 A = Elapsed time spent in this place.
 B = Non-inter-level travel time spent in this place.
 C = Inter-level travel time spent in this place.
 D = Time resting spent in this place.
 E = Time spent auto-exploring this place.
 F = Levels seen in this place.
 G = Mean time per level.
                   A        B        C        D        E       F      G
               +--------+--------+--------+--------+--------+-----+--------+
         Total |   2582 |   2548 |     34 |     22 |   1910 |   1 | 2582.0 |
       Dungeon |   2582 |   2548 |     34 |     22 |   1910 |   1 | 2582.0 |
               +--------+--------+--------+--------+--------+-----+--------+

Top non-repeatable levels by time:
       D: 2582 daAuts
